 Dungeon Crawl Stone Soup version 0.14.0-25-g43f8a4e (console) character file.

351 Rage the Ducker (level 6, 0/28 HPs)
             Began as a Felid Berserker on Apr 25, 2014.
             Was a Believer of Trog.
             Slain by Sigmund
             ... wielding a +2,+0 scythe of protection
              (12 damage)
             ... on Level 5 of the Dungeon.
             The game lasted 00:05:00 (913 turns).

Rage the Ducker (Felid Berserker)                    Turns: 913, Time: 00:05:00

HP   0/28        AC  2     Str 13      XL: 6   Next: 21%
MP  10/10        EV 22     Int  9      God: Trog [**....]
Gold 33          SH  0     Dex 17      Spells:  0 memorised,  5 levels left
Lives: 0, deaths: 1

rFire  . . .     SeeInvis +       - Unarmed
rCold  . . .     Clarity  .     (armour unavailable)
rNeg   . . .     Conserve .     (shield unavailable)
rPois  .         rCorr    .     (helmet unavailable)
rElec  .         rRot     .     (cloak unavailable)
SustAb . .       Spirit   .     (gloves unavailable)
rMut   .         Warding  .     (boots unavailable)
Saprov . . .     Stasis   .     (no amulet)
MR     ++...                    l - ring of see invisible {unknown}
                                (no ring)

@: regenerating, quick, very resistant to hostile enchantments, fairly stealthy
A: paw claws, no armour, no weapons or thrown items, fangs 3, see invisible,
carnivore 3, speed 1, shaggy fur 2, slow metabolism 1, jump 2
a: Jump Attack, Burn Spellbooks, Berserk, Trog's Hand, Renounce Religion


You were on level 5 of the Dungeon.
You worshipped Trog.
Trog was pleased with you.
You were not hungry.

You visited 1 branch of the dungeon, and saw 5 of its levels.

You collected 33 gold pieces.

Inventory:

Comestibles
 c - 2 meat rations
Scrolls
 d - a scroll of immolation {unknown}
 e - a scroll of noise {unknown}
 f - a scroll of fog {unknown}
 g - 4 scrolls of identify {unknown}
 m - a scroll of magic mapping {unknown}
Jewellery
 a - an uncursed ring of teleportation
 j - an uncursed ring of hunger {unknown}
 l - a ring of see invisible (right paw) {unknown}
Potions
 b - 2 potions of haste
 h - a potion of agility {unknown}
 i - a potion of invisibility {unknown}
 k - a potion of lignification {unknown}


   Skills:
 - Level 3.0 Fighting
 + Level 6.3 Dodging
 * Level 6.2 Unarmed Combat


You had 5 spell levels left.
You didn't know any spells.

Dungeon Overview and Level Annotations

Branches:
Dungeon (5/15)
 Temple: D:4-7

Altars:
Trog

Annotations:
D:5 Sigmund


Innate Abilities, Weirdness & Mutations

You cannot wear armour.
You are incapable of wielding weapons or throwing items.
Your paws have sharp claws.
You have razor-sharp teeth.
You have supernaturally acute eyesight.
You are carnivorous and can eat meat at any time.
You cover ground quickly.
You are covered in thick fur (AC +2).
You have a slow metabolism.
You can jump attack at a medium distance.


Message History

You scratch the worker ant zombie. You claw the worker ant zombie!
You bite the worker ant zombie, but do no damage.
The worker ant zombie barely misses you.
You scratch the worker ant zombie.
The worker ant zombie bites you but does no damage.
You scratch the worker ant zombie.
You destroy the worker ant zombie!
You open the door.
There is an open door here.
Sigmund comes into view.
He is wielding a glowing scythe.
Found 6 gold pieces.
Sigmund shouts!
Found a short sword.
Use which ability? (? or * to list)
Your skin crawls.
You feel resistant to hostile enchantments.
You feel slightly more hungry.
Sigmund hits you from afar with a glowing scythe!
You die...

...# #.(.#.. ..
..#...# ...
#...#..... . .#
.#...#.. .. .$.#
..#...#.#
#...#...#...
#.@.#..# #.@.#
#).##.# #.####'####
#
#......############
#..................
+........#..#..#..#
#..................
#........#..#..#..#
#..................


You could see Sigmund.

Vanquished Creatures
  A phantom (D:4)
  An ogre (D:4)
  The ghost of 4tharraofdagon the Ruffian, a weakling VSMo (D:5)
  A crimson imp (D:5)
  A worker ant (D:4)
  Natasha (D:3)
  A worker ant zombie (D:5)
  4 gnolls (D:4)
  A worm (D:5)
  A giant eyeball (D:5)
  A giant gecko (D:4)
  3 bats
  5 hobgoblins
  A quokka (D:3)
  2 giant newts
  4 goblins
  2 kobolds
  A rat (D:4)
32 creatures vanquished.

Notes
Turn   | Place    | Note
--------------------------------------------------------------
     0 | D:1      | Rage, the Felid Berserker, began the quest for the Orb.
     0 | D:1      | Reached XP level 1. HP: 10/10 MP: 2/2
   190 | D:5      | Entered Level 5 of the Dungeon
   212 | D:5      | Noticed 4tharraofdagon's ghost (weakling VSMo)
   214 | D:5      | Noticed a crimson imp
   217 | D:5      | Killed 4tharraofdagon's ghost
   217 | D:5      | Reached XP level 2. HP: 1/14 MP: 3/3
   217 | D:5      | Reached XP level 3. HP: 1/17 MP: 5/5
   219 | D:5      | Killed a crimson imp
   219 | D:5      | Reached XP level 4. HP: 1/21 MP: 7/7
   271 | D:4      | Noticed an ogre
   298 | D:4      | Reached skill level 5 in Dodging
   382 | D:3      | Noticed Natasha
   388 | D:3      | HP: 1/31 [Natasha (10)]
   390 | D:3      | Killed Natasha
   581 | D:4      | Noticed a worker ant
   590 | D:4      | Slain by a worker ant
   591 | D:4      | Reached XP level 3. HP: -3/25 MP: 5/5
   591 | D:4      | Noticed a phantom
   612 | D:4      | Killed a worker ant
   612 | D:4      | Reached skill level 5 in Unarmed Combat
   612 | D:4      | Reached XP level 4. HP: 9/21 MP: 7/7
   616 | D:4      | Killed a phantom
   616 | D:4      | Reached XP level 5. HP: 10/24 MP: 8/8
   635 | D:4      | Acquired Trog's second power
   758 | D:4      | Killed an ogre
   758 | D:4      | Reached skill level 6 in Dodging
   758 | D:4      | Gained mutation: You are covered in thick fur (AC +2). [growing up]
   758 | D:4      | Gained mutation: You can jump attack at a medium distance. [growing up]
   758 | D:4      | Reached XP level 6. HP: 22/28 MP: 10/10
   795 | D:5      | Paralysed by a giant eyeball for 2 turns
   843 | D:5      | Found a bloodstained altar of Trog.
   910 | D:5      | Noticed Sigmund
   913 | D:5      | Slain by Sigmund

Action                   |  1- 3 |  4- 6 || total
-------------------------+-------+-------++-------
Melee: Unarmed           |    31 |    76 ||   107
Invok: Berserk           |     2 |     5 ||     7
       Trog's Hand       |       |     1 ||     1
  Use: Scroll            |       |     2 ||     2
       Potion            |       |     1 ||     1
 Stab: Sleeping          |       |     1 ||     1
